[Event "Team 45 45 League T82"]
[Site "Internet Chess Club"]
[Date "2019.10.05"]
[Round "2"]
[White "Demachaeron"]
[Black "BrianWood"]
[Result "1/2-1/2"]
[WhiteElo "1729"]
[BlackElo "1622"]
[Opening "QGD: 4.Bg5 Be7"]
[ECO "D53"]
[Time "14:01:03"]
[TimeControl "2700+45"]

1. d4 d5 2. c4 e6 3. Nc3 Nf6 4. Bg5 Be7 5. Nf3 c6 6. e3 Nbd7 7. Bd3 h6 8. Bh4
O-O 9. O-O Re8 10. Re1 Nf8 11. Qc2 dxc4 12. Bxc4 Nd5 13. Bg3 Nxc3 14. bxc3 Ng6
15. Rab1 Bd6 16. Bxd6 Qxd6 17. Bd3 Nf8 18. e4 b6 19. Ne5 c5 20. Bb5 Bd7 21. Nc4
Qc7 22. e5 Bxb5 23. Rxb5 Red8 24. Nd6 cxd4 25. Rb3 Ng6 26. Nb5 Qc5 27. Qe4 d3
28. Nd4 d2 29. Rd1 Qxe5 30. Qxe5 Nxe5 31. Rxd2 Nc6 32. Nf3 Rxd2 33. Nxd2 Rd8 34.
Rb2 {Game drawn by mutual agreement} 1/2-1/2

[Event "Team 45 45 League T82"]
[Site "Internet Chess Club"]
[Date "2019.10.04"]
[Round "2"]
[White "President"]
[Black "RD1974"]
[Result "0-1"]
[WhiteElo "1646"]
[BlackElo "1610"]
[Opening "Nimzovich-Larsen attack: Indian variation"]
[ECO "A01"]
[Time "15:01:09"]
[TimeControl "2700+45"]

1. b3 Nf6 2. Bb2 g6 3. Bxf6 exf6 4. c4 Bg7 5. Nc3 O-O 6. e3 d6 7. g3 f5 8. Bg2
Nd7 9. d4 Nf6 10. Nge2 Re8 11. O-O c6 12. Qc2 Be6 13. Rad1 d5 14. cxd5 Nxd5 15.
Nf4 Nxf4 16. gxf4 Rc8 17. Na4 Bd5 18. Qc5 b6 19. Qc2 Qh4 20. Bxd5 cxd5 21. Qe2
Rc7 22. Rc1 Rec8 23. Rxc7 Rxc7 24. Qf3 Qd8 25. Re1 Rc2 26. Re2 Rc1+ 27. Kg2 Bf8
28. Nb2 Rc3 29. Rd2 Bb4 30. Nd3 Rxb3 31. Nxb4 Rxb4 32. Rc2 Rc4 33. Rb2 Qd6 34.
Rb5 Rc2 35. Rxd5 Qf6 36. a4 Ra2 37. a5 Kg7 38. axb6 axb6 39. Rb5 Ra5 40. Qd5
Rxb5 41. Qxb5 Qe6 42. Qe5+ Kh6 43. d5 Qd7 44. d6 Qc6+ 45. Kg3 Qh1 46. Qd4 Qg1+
47. Kf3 Qg4# {White checkmated} 0-1

[Event "Team 45 45 League T82"]
[Site "Internet Chess Club"]
[Date "2019.10.05"]
[Round "2"]
[White "Rybo88"]
[Black "Visin"]
[Result "1-0"]
[WhiteElo "1514"]
[BlackElo "1261"]
[Opening "Lengfellner system"]
[ECO "C01"]
[Time "10:01:40"]
[TimeControl "2700+45"]

1. e4 e6 2. d4 d6 3. Nf3 g6 4. Bd3 b6 5. Nc3 Bb7 6. Bg5 Be7 7. Be3 Nf6 8. Qd2 a6
9. e5 Nd5 10. Bh6 Nxc3 11. Qxc3 Bxf3 12. gxf3 Nd7 13. exd6 cxd6 14. d5 Bf6 15.
Qc6 Be7 16. dxe6 fxe6 17. O-O-O Qc8 18. Qe4 Nf6 19. Qe2 b5 20. Rhe1 e5 21. f4
Nd7 22. fxe5 Nxe5 23. f4 Nxd3+ 24. Qxd3 Qc6 25. Bg5 Ra7 26. Qd4 {Black resigns}
1-0

[Event "Team 45 45 League T82"]
[Site "Internet Chess Club"]
[Date "2019.10.08"]
[Round "2"]
[White "Pawnchain"]
[Black "kingsrook"]
[Result "1-0"]
[WhiteElo "1436"]
[BlackElo "1216"]
[Opening "Sicilian: Smith-Morra gambit"]
[ECO "B21"]
[Time "14:00:51"]
[TimeControl "2700+45"]

1. e4 c5 2. d4 cxd4 3. c3 dxc3 4. Nxc3 e5 5. Bc4 Nc6 6. Nf3 Nf6 7. Ng5 Be7 8.
Nxf7 Qb6 9. O-O Rf8 10. Nd6+ Bxd6 11. Qxd6 Qd4 12. Qxd4 exd4 13. Nb5 Kd8 14. f3
a6 15. Nd6 Ke7 16. Nf5+ {Black resigns} 1-0

[Event "Team 45 45 League T82"]
[Site "Internet Chess Club"]
[Date "2019.10.03"]
[Round "2"]
[White "Portola"]
[Black "joaoazm"]
[Result "0-1"]
[WhiteElo "1706"]
[BlackElo "1791"]
[Opening "Torre attack (Tartakower variation)"]
[ECO "D03"]
[Time "19:01:25"]
[TimeControl "2700+45"]

1. d4 d5 2. Nf3 Nf6 3. Bg5 e6 4. e3 Bd6 5. Bd3 c5 6. c3 O-O 7. Nbd2 c4 8. Bc2
Be7 9. Qe2 Qb6 10. Rb1 Nc6 11. e4 Nxe4 12. Nxe4 dxe4 13. Qxe4 f5 14. Qh4 Bxg5
15. Nxg5 h6 16. Nf3 Qa5 17. O-O Qxa2 18. g4 fxg4 19. Qxg4 Ne7 20. Qe4 Nf5 21.
Ne5 Qa6 22. Ra1 Qb5 23. Qg4 Qxb2 24. Rac1 Qb5 25. h4 a6 26. Kh2 Ra7 27. Rg1 b6
28. Be4 Nd6 29. Bf3 Qb2 30. Rcf1 Qxc3 31. Rg3 Nf5 32. Rh3 Rc7 33. Be4 Qxd4 34.
Nf3 Qd6+ 35. Kh1 e5 36. Qg1 Nd4 37. Rg3 Ne2 38. Qg2 Nxg3+ 39. Qxg3 Bf5 40. Bxf5
Rxf5 41. Kh2 c3 {White resigns} 0-1

[Event "Team 45 45 League T82"]
[Site "Internet Chess Club"]
[Date "2019.10.06"]
[Round "2"]
[White "akshayk06"]
[Black "scostanzo212"]
[Result "0-1"]
[WhiteElo "1420"]
[BlackElo "1612"]
[Opening "Queen's bishop game"]
[ECO "D02"]
[Time "12:01:38"]
[TimeControl "2700+45"]

1. d4 d5 2. Nf3 Nf6 3. Bf4 c5 4. e3 Nc6 5. c3 Qb6 6. b3 Bf5 7. Bd3 Bxd3 8. Qxd3
c4 9. Qc2 Na5 10. b4 Nc6 11. a4 a6 12. Na3 e6 13. b5 Na5 14. bxa6 bxa6 15. Rb1
Nb3 16. Qb2 Ne4 17. O-O Qa5 18. Nc2 Qxc3 19. Qxc3 Nxc3 20. Rb2 Nxa4 21. Rxb3
cxb3 22. Na1 b2 23. Nb3 Rc8 24. h3 Ba3 25. Nfd2 Rc1 26. Rxc1 bxc1=Q+ 27. Nxc1
Bxc1 {White resigns} 0-1

[Event "Team 45 45 League T82"]
[Site "Internet Chess Club"]
[Date "2019.10.03"]
[Round "2"]
[White "nosir"]
[Black "Mitochondria"]
[Result "1/2-1/2"]
[WhiteElo "1398"]
[BlackElo "1471"]
[Opening "Queen's pawn game, Darooha variation "]
[ECO "D02"]
[Time "20:05:48"]
[TimeControl "2700+45"]

1. d4 Nf6 2. Nf3 d5 3. b3 e6 4. Bb2 c5 5. e3 Nc6 6. Nbd2 cxd4 7. Nxd4 Qc7 8. a3
Be7 9. Bd3 O-O 10. N2f3 a6 11. O-O Nxd4 12. Bxd4 Re8 13. Ne5 Bd6 14. f4 Ne4 15.
c4 Bc5 16. Bxc5 Qxc5 17. Qc1 Nf6 18. b4 Qe7 19. Qc2 dxc4 20. Bxc4 Nd7 21. Nxd7
Bxd7 22. Bd3 Rac8 23. Qe2 e5 24. Be4 Bb5 25. Bd3 Bxd3 26. Qxd3 exf4 27. exf4
Qe3+ 28. Qxe3 Rxe3 29. Rfe1 Rec3 30. Kf2 Kf8 31. Re3 R3c4 32. g3 Rc2+ 33. Re2
Rxe2+ 34. Kxe2 Rc2+ 35. Kf3 Rxh2 36. Rc1 g6 37. Rc7 Ra2 38. Rxb7 Rxa3+ 39. Kg4
Rb3 40. Ra7 Rxb4 41. Rxa6 Rb3 42. Ra7 Rb5 43. Kh4 Kg7 44. Kg4 Rb3 45. Rd7 h5+
46. Kh4 Re3 47. Kh3 Re1 48. Rc7 Rh1+ 49. Kg2 Ra1 50. Kf3 Ra2 51. Rb7 Rh2 52. Rc7
h4 53. gxh4 Rxh4 54. Kg3 Rh5 55. Kg4 Rd5 56. Rb7 Rd1 57. Kg3 Rg1+ 58. Kf2 Rh1
59. Kg2 Rh5 60. Kg3 Rf5 61. Kg4 Kh6 62. Rb8 Ra5 63. Rh8+ Kg7 64. Rc8 Ra3 65. Rc7
Re3 66. Rb7 Kf8 67. Kg5 Kg7 68. Kg4 Re2 69. Kf3 Re8 70. Kg4 Rg8 71. Kg5 Rh8 72.
Rc7 Rh5+ 73. Kg4 Rf5 74. Rb7 Rf6 75. Kg5 Re6 76. Rc7 Re1 {Game drawn by mutual
agreement} 1/2-1/2

[Event "Team 45 45 League T82"]
[Site "Internet Chess Club"]
[Date "2019.10.06"]
[Round "2"]
[White "Waldomiro"]
[Black "g8wrb"]
[Result "1-0"]
[WhiteElo "1418"]
[BlackElo "1277"]
[Opening "French: Tarrasch, closed variation"]
[ECO "C05"]
[Time "14:03:55"]
[TimeControl "2700+45"]

1. e4 e6 2. d4 d5 3. Nd2 Nf6 4. e5 Nfd7 5. Ngf3 c5 6. c3 Nc6 7. Be2 cxd4 8. cxd4
Be7 9. O-O O-O 10. Nb3 a5 11. Bf4 b6 12. Rc1 Nb4 13. a3 Na6 14. Rc3 Bb7 15. Qd3
f6 16. Rfc1 fxe5 17. Bxe5 Nxe5 18. Nxe5 Bd6 19. Qh3 Qf6 20. Rf3 Qh6 21. Qxh6
gxh6 22. Nd7 Rxf3 23. Bxf3 a4 24. Nxb6 axb3 25. Nxa8 Kg7 26. Nb6 e5 27. dxe5
Bxe5 28. Bxd5 Bxd5 29. Nxd5 Bxb2 30. Rb1 Bxa3 31. Rxb3 Bc1 32. Rb6 Nc5 33. Rc6
Ba3 34. Ne3 Ne4 35. Nf5+ Kf7 36. Rxh6 Ng5 37. h4 Ne4 38. Ne3 Nf6 39. g4 Bf8 40.
Rxf6+ Kxf6 41. f4 h6 42. Kf2 Bc5 43. Kf3 Ba7 44. Ke4 Bb8 45. g5+ hxg5 46. hxg5+
Kg6 47. Nd5 Bd6 48. Kf3 Kf5 49. Ne3+ Kg6 50. Kg4 Ba3 51. f5+ Kg7 52. Nd5 Bb2 53.
Nf4 Ba1 54. Kh5 Be5 55. Ne6+ Kf7 56. Kh6 Bb2 57. Kh7 Bc3 58. g6+ Ke7 59. g7 Bxg7
60. Kxg7 {Black resigns} 1-0

[Event "Team 45 45 League T82"]
[Site "Internet Chess Club"]
[Date "2019.10.06"]
[Round "2"]
[White "room-matt"]
[Black "primerpaso"]
[Result "1/2-1/2"]
[WhiteElo "1827"]
[BlackElo "1814"]
[Opening "Sicilian: closed"]
[ECO "B24"]
[Time "11:32:26"]
[TimeControl "2700+45"]

1. e4 c5 2. Nc3 Nc6 3. g3 g6 4. Bg2 Bg7 5. d3 e6 6. Be3 b6 7. Qd2 Bb7 8. Nge2
Nge7 9. Bh6 O-O 10. Bxg7 Kxg7 11. O-O-O d5 12. exd5 Nxd5 13. h4 h6 14. f4 Nf6
15. Bf3 h5 16. Rhe1 Qd7 17. Ne4 Nxe4 18. dxe4 Qxd2+ 19. Rxd2 Rfd8 20. Red1 Rxd2
{Game drawn by mutual agreement} 1/2-1/2

[Event "Team 45 45 League T82"]
[Site "Internet Chess Club"]
[Date "2019.10.06"]
[Round "2"]
[White "QuieroAprender"]
[Black "Packerfan"]
[Result "0-1"]
[WhiteElo "1621"]
[BlackElo "1783"]
[Opening "English: Carls' Bremen system"]
[ECO "A22"]
[Time "15:01:42"]
[TimeControl "2700+45"]

1. c4 e5 2. Nc3 Nf6 3. g3 Nc6 4. Bg2 Bc5 5. e3 d6 6. Nge2 a5 7. a3 O-O 8. d4
exd4 9. exd4 Ba7 10. O-O Re8 11. Bg5 h6 12. Be3 Bf5 13. Qd2 Qd7 14. Rad1 Bh3 15.
Nf4 Bxg2 16. Nxg2 Ng4 17. Rfe1 Nxe3 18. fxe3 Ne7 19. Qf2 Nf5 20. e4 Ne7 21. Nf4
Nc6 22. Nb5 Bb8 23. Qf3 a4 24. Nd5 Na5 25. Ne3 Nxc4 26. Nxc4 Qxb5 27. Qd3 Ba7
28. Kg2 Re7 29. e5 dxe5 30. dxe5 Rae8 31. Qd5 Qxd5+ 32. Rxd5 c6 33. Ra5 Bd4 34.
Kf3 b5 35. Nd6 Rxe5 36. Rxe5 Rxe5 37. Ra8+ Kh7 38. Nxf7 Rf5+ 39. Ke4 Rxf7 40.
Kxd4 Rf2 41. Kc5 Rxh2 42. Kxc6 Rxb2 43. g4 Kg6 44. Ra5 Kg5 45. Ra7 g6 46. Rg7 h5
47. gxh5 Kxh5 48. Rh7+ Kg4 49. Kc5 g5 50. Rb7 Kf3 51. Rf7+ Kg3 52. Rb7 g4 53.
Rxb5 Rxb5+ 54. Kxb5 Kf4 55. Kxa4 g3 56. Kb5 g2 57. a4 g1=Q 58. Ka6 Ke5 59. a5
Kd6 60. Kb7 Qc5 61. a6 Qc7+ 62. Ka8 Kc6 63. a7 Qb7# {White checkmated} 0-1

[Event "Team 45 45 League T82"]
[Site "Internet Chess Club"]
[Date "2019.10.07"]
[Round "2"]
[White "LuFran"]
[Black "Gojira"]
[Result "1-0"]
[WhiteElo "1677"]
[BlackElo "1601"]
[Opening "QGD Slav defense"]
[ECO "D10"]
[Time "20:00:55"]
[TimeControl "2700+45"]

1. d4 d5 2. c4 c6 3. Nc3 Nf6 4. e3 a6 5. Nf3 Bf5 6. Qb3 Qc7 7. c5 Nbd7 8. Nh4
Bg6 9. Nxg6 hxg6 10. Bd3 Rxh2 11. Rxh2 Qxh2 12. Qxb7 Rb8 13. Qxc6 Qxg2 14. Qc7
Ng4 15. c6 Qg1+ 16. Kd2 Qxf2+ 17. Ne2 Rd8 18. cxd7+ Rxd7 19. Qc8+ Rd8 20. Qxg4
{Black resigns} 1-0

[Event "Team 45 45 League T82"]
[Site "Internet Chess Club"]
[Date "2019.10.03"]
[Round "2"]
[White "Ajolote"]
[Black "cool64chess"]
[Result "0-1"]
[WhiteElo "1881"]
[BlackElo "1936"]
[Opening "French: Chigorin variation"]
[ECO "C00"]
[Time "12:03:00"]
[TimeControl "2700+45"]

1. e4 e6 2. Qe2 c5 3. Nf3 Nc6 4. g3 Nf6 5. Bg2 Be7 6. O-O O-O 7. d3 d5 8. Nbd2
dxe4 9. dxe4 e5 10. Nc4 Qc7 11. Bg5 Nd4 12. Nxd4 cxd4 13. f4 Ng4 14. Bxe7 Qxe7
15. Bf3 b5 16. Bxg4 Bxg4 17. Qxg4 bxc4 18. Rad1 f6 19. h4 Rad8 20. h5 h6 21. Qe2
Qe6 22. Kh2 Qa6 23. fxe5 fxe5 24. Rxf8+ Rxf8 25. b3 Rf6 26. bxc4 Qxa2 {White
resigns} 0-1

[Event "Team 45 45 League T82"]
[Site "Internet Chess Club"]
[Date "2019.10.06"]
[Round "2"]
[White "mccannj"]
[Black "joaoazm"]
[Result "0-1"]
[WhiteElo "1751"]
[BlackElo "1806"]
[Opening "English opening"]
[ECO "A13"]
[Time "11:00:51"]
[TimeControl "2700+45"]

1. c4 e6 2. g3 d5 3. Bg2 dxc4 4. Qa4+ Nd7 5. Qxc4 Ngf6 6. Nf3 a6 7. O-O c5 8.
Rd1 Bd6 9. d4 O-O 10. Bg5 Qb6 11. Nc3 Qxb2 12. Rab1 Qa3 13. Rb3 Qa5 14. e4 b5
15. Qe2 c4 16. Rb2 Qxc3 17. Rc2 Qa3 18. Bc1 Qa4 19. Ng5 Bb4 20. e5 Nd5 21. Bxd5
exd5 22. e6 fxe6 23. Nxe6 Re8 24. Qg4 Bf8 25. Rcd2 c3 26. Rd3 Nf6 {White
resigns} 0-1

[Event "Team 45 45 League T82"]
[Site "Internet Chess Club"]
[Date "2019.10.05"]
[Round "2"]
[White "nealbruce"]
[Black "ascoli"]
[Result "1-0"]
[WhiteElo "1695"]
[BlackElo "1549"]
[Opening "French: Tarrasch, open variation"]
[ECO "C07"]
[Time "14:02:19"]
[TimeControl "2700+45"]

1. e4 e6 2. d4 d5 3. Nd2 c5 4. Ngf3 cxd4 5. exd5 Qxd5 6. Bc4 Qd6 7. O-O Nc6 8.
Nb3 Nf6 9. Nbxd4 Be7 10. Nxc6 Qxc6 11. Ne5 Qc5 12. Re1 Bd6 13. Bb5+ Qxb5 14.
Qxd6 Qd5 15. Qa3 b6 16. c4 Qb7 17. Bg5 Ne4 18. Rxe4 Qxe4 19. Qe7# {Black
checkmated} 1-0

[Event "Team 45 45 League T82"]
[Site "Internet Chess Club"]
[Date "2019.10.07"]
[Round "2"]
[White "zugknightly"]
[Black "fireball"]
[Result "1/2-1/2"]
[WhiteElo "1667"]
[BlackElo "1497"]
[Opening "Modern defense"]
[ECO "A40"]
[Time "20:05:12"]
[TimeControl "2700+45"]

1. d4 g6 2. c4 Bg7 3. Nc3 c5 4. d5 f5 5. g3 Bxc3+ 6. bxc3 Qa5 7. Qc2 Nf6 8. f3
d6 9. Bg2 Nbd7 10. Qb3 Nb6 11. e3 Bd7 12. Bf1 Ba4 13. Qb2 Qa6 14. Qe2 Bb3 15.
Nh3 Bxc4 16. Qc2 Bxf1 17. Rxf1 Qc4 18. Nf4 Nbxd5 19. Ne6 Kd7 20. Nf4 Qxc3+ 21.
Qxc3 Nxc3 22. Bb2 Nb5 23. Bxf6 exf6 24. Nd5 Rhf8 25. Rb1 a6 26. Nb6+ Kc6 27.
Nxa8 Rxa8 28. Kd2 Nc7 29. e4 fxe4 30. fxe4 Ne8 31. Rbe1 b5 32. g4 Ra7 33. h4 h6
34. g5 hxg5 35. hxg5 Rf7 36. e5 f5 37. exd6 Nxd6 38. Re6 Rg7 39. Rfe1 Kd7 40.
Kc2 a5 41. Rf6 Ne4 42. Ra6 Rg8 43. Rxa5 Kc6 44. Rb1 b4 45. a3 bxa3 46. Rxa3 Nxg5
47. Rg1 Ne4 48. Ra6+ Kd5 49. Raxg6 Rxg6 50. Rxg6 Kd4 51. Rg8 Ke3 52. Kb3 f4 53.
Rf8 f3 54. Kc4 f2 55. Kd5 Kd3 56. Rxf2 Nxf2 57. Kxc5 {Game drawn because neither
player has mating material} 1/2-1/2

[Event "Team 45 45 League T82"]
[Site "Internet Chess Club"]
[Date "2019.10.06"]
[Round "2"]
[White "Kingofknights"]
[Black "Andaluz"]
[Result "1/2-1/2"]
[WhiteElo "1565"]
[BlackElo "1383"]
[Opening "QGD Slav: 4.Nc3"]
[ECO "D15"]
[Time "14:01:01"]
[TimeControl "2700+45"]

1. d4 d5 2. c4 c6 3. Nf3 Nf6 4. Nc3 Bf5 5. cxd5 cxd5 6. Bf4 a6 7. e3 Nc6 8. a3
e6 9. Be2 Be7 10. Ne5 O-O 11. Nxc6 bxc6 12. b4 a5 13. O-O axb4 14. axb4 Bxb4 15.
Qb3 Bxc3 16. Qxc3 Qd7 17. Rfc1 Rxa1 18. Qxa1 Qb7 19. h3 Ra8 20. Qc3 Rc8 21. Qa3
Ra8 22. Qc5 Rc8 23. Bd1 Ne4 24. Qa5 Ra8 25. Qe1 Ra2 26. Bc2 h6 27. f3 Nf6 28.
Bxf5 exf5 29. Qc3 Ra6 30. Qc2 Qd7 31. Rb1 Ne8 32. h4 h5 33. Rb8 Kh7 34. Qb1 g6
35. Rb7 Qe6 36. Be5 c5 37. Qb5 Nf6 38. Qxc5 Nd7 39. Qc7 Nxe5 40. dxe5 Kg7 41. f4
Rc6 42. Qd7 Qxd7 43. Rxd7 Rc5 44. Kf2 Kf8 45. g3 Ke8 46. Rb7 Rc2+ 47. Kf3 Rd2
48. e6 fxe6 49. Rg7 d4 50. exd4 Rd3+ 51. Kf2 Rxd4 52. Ke3 Re4+ 53. Kd3 Ra4 54.
Rxg6 Kf7 55. Rg5 Kf6 56. Rxh5 Ra3+ 57. Kd4 Rxg3 58. Rh6+ Kf7 59. Ke5 {Game drawn
by mutual agreement} 1/2-1/2

[Event "Team 45 45 League T82"]
[Site "Internet Chess Club"]
[Date "2019.10.04"]
[Round "2"]
[White "Toalla"]
[Black "Visin"]
[Result "1-0"]
[WhiteElo "1242"]
[BlackElo "1267"]
[Opening "Réti opening"]
[ECO "A04"]
[Time "13:00:30"]
[TimeControl "2700+45"]

1. Nf3 e6 2. g3 d5 3. d4 Nf6 4. Bg2 Be7 5. O-O Nbd7 6. c4 dxc4 7. Qa4 c6 8. Qxc4
Nb6 9. Qc2 h6 10. b3 O-O 11. Bb2 Nh7 12. e4 Ng5 13. Nbd2 Bd7 14. Rac1 Rc8 15.
Qb1 Bb4 16. Bc3 Be7 17. Bb2 c5 18. Ne5 Bb5 19. Rfd1 c4 20. Nexc4 Nxc4 21. Nxc4
Bc6 22. f4 Nh7 23. Ne5 Bb5 24. Nc4 b6 25. e5 Qc7 26. Kh1 Rfd8 27. Nd6 Qb8 28.
Nxb5 Rxc1 29. Rxc1 a6 30. Nc7 Qa7 31. Qe4 Rc8 32. Qb7 Qxb7 33. Bxb7 Rb8 34. Bxa6
g5 35. Nb5 gxf4 36. gxf4 Bb4 37. Rc8+ Rxc8 38. Bxc8 Bd2 39. f5 exf5 40. Bxf5 Ng5
41. Kg2 Ne6 42. h4 Bb4 43. Kf3 Be7 44. Kg4 Nd8 45. Nc7 Kg7 46. Nd5 Ba3 {Black
resigns} 1-0

[Event "Team 45 45 League T82"]
[Site "Internet Chess Club"]
[Date "2019.10.02"]
[Round "2"]
[White "rkjulianjr"]
[Black "olivermx"]
[Result "1-0"]
[WhiteElo "1347"]
[BlackElo "1241"]
[Opening "QGD Slav defense: exchange variation"]
[ECO "D10"]
[Time "22:03:54"]
[TimeControl "2700+45"]

1. d4 d5 2. c4 c6 3. cxd5 cxd5 4. Bf4 Nf6 5. Nc3 a6 6. e3 e6 7. Bd3 Be7 8. Rc1
Nbd7 9. Nf3 O-O 10. O-O b6 11. Ne5 Bb7 12. Ne2 Nxe5 13. Bxe5 Rc8 14. Rxc8 Qxc8
15. Qc1 Nd7 16. Bc7 Qa8 17. Qc2 Rc8 18. Rc1 Bd8 19. Qa4 b5 20. Qa5 Bxc7 21. Rxc7
Rxc7 22. Qxc7 Qc8 23. Qxc8+ Bxc8 24. Nc3 Nb6 25. b3 b4 26. Nb1 a5 27. Kf1 Na8
28. Ke2 Nc7 29. a4 Ba6 30. Nd2 Bxd3+ 31. Kxd3 f5 32. Nf3 Kf7 33. Ne5+ Kf6 34.
Nc6 Na6 35. Nxa5 g5 36. Nb7 h5 37. Nc5 Nb8 38. a5 Nc6 39. a6 h4 40. Nd7+ Ke7 41.
Ne5 Na7 42. Nf3 Kf6 43. h3 Kg6 44. Ne5+ Kf6 45. Nd7+ Ke7 46. Ne5 Kf6 47. Kc2 Ke7
48. Nd3 Nc6 49. a7 Nxa7 50. Nxb4 Nb5 51. Nc6+ Kd6 52. Ne5 Ke7 53. b4 Kf6 54. Kb3
Nd6 55. Ka4 Nc4 56. Nxc4 dxc4 57. Ka3 Ke7 58. b5 Kd7 59. Kb4 Kc7 60. Kxc4 Kb6
61. d5 exd5+ 62. Kxd5 {Black resigns} 1-0

[Event "Team 45 45 League T82"]
[Site "Internet Chess Club"]
[Date "2019.10.04"]
[Round "2"]
[White "kabubi"]
[Black "seattleblues"]
[Result "0-1"]
[WhiteElo "1154"]
[BlackElo "1251"]
[Opening "Caro-Kann: advance variation"]
[ECO "B12"]
[Time "20:30:30"]
[TimeControl "2700+45"]

1. e4 c6 2. d4 d5 3. e5 Bf5 4. Bd3 Bxd3 5. Qxd3 e6 6. Ne2 Ne7 7. O-O Nd7 8. c3
Ng6 9. Nd2 c5 10. b3 Be7 11. Re1 O-O 12. Nf1 Rc8 13. c4 cxd4 14. Nxd4 dxc4 15.
bxc4 Ndxe5 16. Qe4 b6 17. Nb5 Rxc4 18. Qb7 a5 19. Ne3 Rc5 20. Rd1 Qb8 21. Qa6
Nc6 22. Ba3 Rh5 23. Rac1 Qxh2+ 24. Kf1 Nf4 25. Rxc6 Qh1# {White checkmated} 0-1

[Event "Team 45 45 League T82"]
[Site "Internet Chess Club"]
[Date "2019.10.05"]
[Round "2"]
[White "noblitz-oblige"]
[Black "scostanzo212"]
[Result "1/2-1/2"]
[WhiteElo "1542"]
[BlackElo "1603"]
[Opening "Sicilian: Sozin, Leonhardt variation"]
[ECO "B88"]
[Time "11:01:18"]
[TimeControl "2700+45"]

1. e4 c5 2. d4 cxd4 3. Nf3 Nc6 4. Nxd4 Nf6 5. Nc3 d6 6. Bc4 e6 7. O-O Be7 8. h3
O-O 9. Be3 Nxe4 10. Nxe4 Nxd4 11. Bxd4 d5 12. Bd3 dxe4 13. Bxe4 f5 14. Bf3 Bf6
15. Bxf6 Qxf6 16. c3 Rd8 17. Qb3 Rb8 18. Rad1 b6 19. Rxd8+ Qxd8 20. Rd1 Qe7 21.
Qa4 e5 22. Bd5+ Kh8 23. Bc6 Be6 24. Bd7 Rd8 25. Bxe6 Rxd1+ 26. Qxd1 Qxe6 27.
Qd8+ Qg8 28. Qe7 Qb8 29. Kf1 g6 30. Ke2 b5 31. Qf6+ Kg8 32. Qe6+ Kh8 33. Qf6+
{Game drawn by mutual agreement} 1/2-1/2

[Event "Team 45 45 League T82"]
[Site "Internet Chess Club"]
[Date "2019.10.05"]
[Round "2"]
[White "g8wrb"]
[Black "chesskix"]
[Result "1-0"]
[WhiteElo "1288"]
[BlackElo "1328"]
[Opening "Nimzovich-Larsen attack: classical variation"]
[ECO "A01"]
[Time "13:01:01"]
[TimeControl "2700+45"]

1. b3 d5 2. Bb2 Nf6 3. e3 a6 4. Nf3 Bg4 5. Be2 Nbd7 6. O-O e6 7. Nc3 Bd6 8. Nd4
Bxe2 9. Qxe2 O-O 10. f4 Ne4 11. d3 Nxc3 12. Bxc3 c5 13. Nf3 f6 14. Rae1 Re8 15.
Qf2 b5 16. Qg3 b4 17. Bb2 a5 18. Qg4 a4 19. a3 bxa3 20. Ba1 axb3 21. cxb3 a2 22.
Re2 Qe7 23. Rff2 f5 24. Qg5 h6 25. Qxe7 Bxe7 26. Rxa2 Rab8 27. Nd2 Nf6 28. Ra7
Ra8 29. Rxa8 Rxa8 30. Rf1 Ng4 31. e4 Ne3 32. Rc1 d4 33. Nc4 Ra2 34. Nxe3 dxe3
35. Kf1 Rf2+ 36. Kg1 Rxf4 37. Re1 Bg5 38. Rxe3 Rg4 39. Rg3 Rxg3 40. hxg3 Be3+
41. Kf1 fxe4 42. dxe4 Bd4 43. Bxd4 cxd4 44. e5 Kf8 45. Ke2 Ke8 46. Kd3 Kd7 47.
Kxd4 Kc6 48. Kc4 h5 49. b4 g6 50. b5+ Kb6 51. Kb4 g5 52. Kc4 h4 53. gxh4 gxh4
54. Kb4 Kc7 55. Kc5 Kb7 56. Kd6 Kb6 57. Kxe6 Kxb5 58. Kf6 Kc6 59. Kf7 Kd7 60.
e6+ Kd6 61. e7 h3 62. gxh3 Kc7 63. e8=Q Kb7 64. h4 {Black resigns} 1-0

[Event "Team 45 45 League T82"]
[Site "Internet Chess Club"]
[Date "2019.10.05"]
[Round "2"]
[White "OGO"]
[Black "CMAlge"]
[Result "0-1"]
[WhiteElo "1209"]
[BlackElo "1324"]
[Opening "QGD semi-Slav: 5.e3"]
[ECO "D45"]
[Time "13:01:07"]
[TimeControl "2700+45"]

1. d4 d5 2. c4 e6 3. Nc3 Nf6 4. Nf3 c6 5. e3 Be7 6. Bd3 O-O 7. O-O Nbd7 8. c5 b6
9. b4 a5 10. b5 bxc5 11. bxc6 Nb8 12. dxc5 Nxc6 13. Bb5 Bb7 14. Nd4 Qc7 15. Qc2
Bxc5 16. Rb1 Bxd4 17. Bxc6 Qxc6 18. exd4 Ne4 19. Bb2 Rfc8 20. Rfc1 Ba6 21. f3
Nd6 22. Qd1 Rab8 23. Ne2 Bc4 24. Nf4 Qa6 25. a3 Rb3 26. Qe1 Qb6 27. Qf2 Rb8 28.
Qc2 Rxb2 29. Rxb2 Qxb2 30. Qxb2 Rxb2 31. Rc3 Nf5 {White resigns} 0-1

[Event "Team 45 45 League T82"]
[Site "Internet Chess Club"]
[Date "2019.10.05"]
[Round "2"]
[White "SeniorCitizen"]
[Black "kingsrook"]
[Result "0-1"]
[WhiteElo "1210"]
[BlackElo "1224"]
[Opening "Sicilian: Taimanov variation"]
[ECO "B45"]
[Time "15:01:14"]
[TimeControl "2700+45"]

1. e4 c5 2. Nf3 e6 3. Nc3 Nc6 4. d4 cxd4 5. Nxd4 Bb4 6. Nxc6 Bxc3+ 7. bxc3 bxc6
8. Bd3 Ne7 9. O-O O-O 10. Be3 d5 11. Kh1 Ng6 12. f4 f5 13. e5 a6 14. Rb1 Qc7 15.
c4 Rd8 16. Bb6 Qd7 17. Bxd8 Qxd8 18. g3 a5 19. Rb2 Ba6 20. c5 Bxd3 21. Qd2 Bxf1
22. Rb6 Qd7 23. Qd4 Bc4 24. a3 Qc7 25. Qb2 Ba6 26. Qd4 Qc8 27. Kg2 Rb8 28. Qb2
Rb7 29. Kf3 Qc7 30. Qd4 Rxb6 31. cxb6 Qb7 32. Qc5 Ne7 33. Qd6 Kf7 34. Qc7 Qxc7
35. bxc7 Ke8 36. Ke3 Kd7 37. Kd4 Kxc7 38. Kc5 Nc8 39. h3 h5 40. h4 Be2 41. c3
Nb6 42. Kd4 Na4 43. Ke3 Bb5 44. Kd2 Kb6 45. Kc2 Kc5 46. Kb3 Nb6 {White resigns}
0-1

[Event "Team 45 45 League T82"]
[Site "Internet Chess Club"]
[Date "2019.10.05"]
[Round "2"]
[White "smsxman"]
[Black "sdcohle"]
[Result "0-1"]
[WhiteElo "1335"]
[BlackElo "1280"]
[Opening "French defense"]
[ECO "C00"]
[Time "14:01:40"]
[TimeControl "2700+45"]

1. e4 e6 2. Nf3 d5 3. exd5 exd5 4. d4 Nf6 5. Nc3 c6 6. Be2 Bd6 7. Bg5 Nbd7 8.
O-O O-O 9. Re1 h6 10. Bxf6 Nxf6 11. Bd3 Qc7 12. Ne5 Re8 13. f4 Nd7 14. Qh5 Nf6
15. Qf3 Bd7 16. a3 Re7 17. Nxd7 Rxd7 18. g3 Re7 19. Qf2 Rae8 20. Rxe7 Rxe7 21.
Ne2 Qd7 22. c4 Qe8 23. Kf1 Ne4 24. Bxe4 Rxe4 25. Re1 dxc4 26. Nc3 Rxe1+ 27. Qxe1
Qxe1+ 28. Kxe1 f5 29. Ne2 Kf7 30. a4 a6 31. Kd2 Bb4+ 32. Kc2 b5 33. axb5 cxb5
34. b3 cxb3+ 35. Kxb3 a5 36. Nc1 Ke6 37. Nd3 Bd6 38. h3 Kd5 39. Ne5 Bb4 40. Nf3
Ke4 41. Nh4 g5 42. fxg5 hxg5 43. Ng2 Kxd4 44. g4 fxg4 45. hxg4 Ke4 46. Kc2 Kf3
47. Nh4+ gxh4 48. g5 Bf8 {White resigns} 0-1

[Event "Team 45 45 League T82"]
[Site "Internet Chess Club"]
[Date "2019.10.05"]
[Round "2"]
[White "stantheman59"]
[Black "seldredg"]
[Result "0-1"]
[WhiteElo "1232"]
[BlackElo "1377"]
[Opening "Dutch"]
[ECO "A80"]
[Time "13:34:10"]
[TimeControl "2700+45"]

1. d4 f5 2. Nc3 Nf6 3. Bg5 e6 4. a3 b6 5. f3 a5 6. e4 h6 7. Bxf6 Qxf6 8. e5 Qg5
9. Qd2 Qxd2+ 10. Kxd2 Nc6 11. Nb5 Kd8 12. Ne2 Be7 13. f4 g5 14. g3 Bb7 15. Bg2
Rg8 16. Bxc6 Bxc6 17. Nxc7 Bxh1 18. Nxa8 Bxa8 19. b4 axb4 20. axb4 Bxb4+ 21. c3
Ba5 22. Nc1 Bd5 23. Kc2 gxf4 24. Nb3 Bxb3+ 25. Kxb3 fxg3 26. hxg3 Rxg3 27. Rc1
h5 28. Rh1 Rg5 29. c4 Kc7 30. Ka4 f4 31. Rc1 Bd2 32. Rc2 Be3 33. d5 Rxe5 34.
dxe6 Rxe6 35. Rh2 Re5 36. Rh3 Rf5 37. Rf3 h4 38. Rh3 Bf2 39. Rf3 Bg3 {White
resigns} 0-1